Map: King's Cove LE

Players

Smeeeger - Winner!

  • Race: Zerg Zerg
  • League: Platinum
  • Spawn Location: 5:00

Paranoja

  • Race: Terran Terran
  • League: Platinum
  • Spawn Location: 11:00

VOD

Have the link to the VOD?

Description

Time

  • Played on: July 24, 2019, 7:43 a.m.
  • Length: 12:43
Show
View Real Time Build Order
Export as new Build Order

Smeeeger Zerg - Winner!

Build Orders: Hatch First 

Get SALT Encoding   

  12  0:01  Drone  
  13  0:15  Overlord  
  13  0:19  Drone  
  14  0:33  Drone x2  
  16  0:40  Drone  
  17  0:50  Drone  
  18  1:02  Hatchery, Drone  
  18  1:04  Extractor  
  17  1:17  Spawning Pool  
  16  1:19  Drone  
  16  1:23  Drone  
  18  1:31  Drone  
  19  1:42  Overlord  
  19  2:03  Queen  
  19  2:05  Zergling x4  
  23  2:14  Queen  
  23  2:15  Zergling x2  
  26  2:21  Drone  
  27  2:23  Metabolic Boost  
  27  2:42  Drone x2  
  27  2:43  Drone x2  
  31  2:49  Queen  
  33  2:53  Drone x2  
  33  2:57  Overlord x2  
  35  3:10  Drone  
  36  3:17  Drone x2  
  36  3:19  Drone x3  
  41  3:31  Roach Warren  
  41  3:32  Evolution Chamber  
  41  3:33  Drone x3  
  41  3:34  Drone  
  43  3:36  Lair  
  43  3:51  Drone x2  
  43  3:52  Drone x2  
  47  3:56  Hatchery  
  46  4:03  Drone x2  
  47  4:19  Extractor  
  47  4:20  Roach x2  
  47  4:21  Roach, Extractor  
  51  4:30  Overlord x3  
  51  4:48  Overlord x3  
  51  4:49  Drone  
  51  4:50  Drone x2  
  51  4:51  Drone  
  51  4:52  Roach x3  
  61  5:02  Glial Reconstitution  
  61  5:05  Drone x3  
  64  5:15  Roach  
  64  5:16  Roach x2, Queen  
  72  5:25  Drone x3  
  75  5:32  Roach x4  
  83  5:41  Extractor  
  83  5:42  Zerg Missile Weapons Level 1  
  82  5:47  Drone  
  82  5:48  Drone x4  
  87  5:56  Drone x4  
  91  6:04  Pneumatized Carapace  
  91  6:08  Burrow  
  91  6:13  Roach  
  91  6:14  Roach x2  
  97  6:19  Drone x3, Overlord x2  
  97  6:20  Overlord x3  
  97  6:24  Extractor  
  97  6:25  Spore Crawler, Drone, Extractor  
  99  6:26  Drone x3  
  101  6:36  Drone  
  101  6:37  Evolution Chamber  
  101  6:38  Overseer  
  101  6:40  Drone  
  101  6:43  Roach x2  
  101  6:44  Roach x3  
  112  6:56  Spore Crawler  
  112  6:57  Spore Crawler  
  100  7:13  Roach x10  
  110  7:21  Zerg Ground Armor Level 1  
  108  7:25  Drone x3  
  108  7:27  Drone  
  112  7:37  Hatchery  
  103  8:08  Roach  
  103  8:09  Roach x16  
  123  8:31  Roach x6  
  123  8:32  Roach x3  
  121  8:41  Zerg Missile Weapons Level 2  
  121  8:43  Hydralisk Den  
  120  8:49  Drone  
  120  8:50  Drone x5  
  126  9:01  Ravager x9  
  135  9:04  Drone x8  
  143  9:12  Spore Crawler  
  143  9:14  Drone  
  143  9:15  Drone x3  
  146  9:18  Overlord x5  
  146  9:26  Muscular Augments  
  146  9:35  Nydus Network  
  145  9:46  Zerg Ground Armor Level 2  
  145  9:51  Drone x2, Extractor  
  145  9:52  Extractor  
  114  10:33  Hydralisk x19  
  146  10:37  Grooved Spines  
  141  10:45  Overseer  
  141  10:49  Drone x3  
  144  10:50  Drone x3  
  147  11:08  Nydus Canal  
  147  11:16  Hydralisk x12  
  171  11:20  Baneling Nest  
  170  11:26  Nydus Canal  
  170  11:49  Hatchery  
  170  11:50  Hydralisk x13  
  170  11:51  Extractor  
  170  11:52  Extractor  
  169  12:02  Hydralisk  
  169  12:03  Hydralisk x4  
Show
View Real Time Build Order
Export as new Build Order

Paranoja Terran 

Build Orders: Mech 

Get SALT Encoding   

  12  0:01  SCV  
  13  0:14  SCV  
  13  0:18  Supply Depot  
  14  0:26  SCV  
  15  0:40  SCV  
  16  0:45  Barracks  
  16  0:50  Refinery  
  16  0:52  SCV  
  17  1:04  SCV  
  18  1:16  SCV  
  19  1:32  Marine, Orbital Command  
  20  1:46  Command Center  
  20  1:50  Marine  
  21  1:58  SCV  
  22  2:06  Supply Depot  
  22  2:11  SCV  
  22  2:14  Barracks Reactor  
  23  2:17  Factory  
  23  2:28  SCV  
  24  2:40  SCV  
  25  2:51  Marine x2  
  27  2:53  SCV  
  27  3:01  Orbital Command  
  27  3:05  SCV  
  28  3:19  SCV  
  29  3:22  Hellion x2  
  33  3:29  Armory, SCV  
  33  3:31  SCV  
  33  3:33  Barracks Tech Lab  
  35  3:41  SCV  
  35  3:43  SCV  
  35  3:44  Hellion x2  
  35  3:45  Command Center  
  41  3:54  Marauder, SCV  
  44  3:57  Concussive Shells  
  44  4:01  SCV  
  45  4:05  Refinery  
  45  4:08  SCV  
  46  4:17  Supply Depot  
  46  4:39  Hellion x2, Starport, Marauder, SCV x2  
  46  4:44  Supply Depot  
  54  4:56  SCV x2  
  54  4:58  Orbital Command  
  56  5:00  Marauder  
  56  5:02  Terran Vehicle And Ship Armor Level 1  
  56  5:04  Hellion x2  
  62  5:08  Supply Depot  
  62  5:17  SCV  
  62  5:18  SCV  
  64  5:23  Refinery  
  64  5:24  Refinery, Medivac  
  64  5:25  Hellion  
  64  5:26  Hellion, SCV  
  71  5:29  SCV  
  71  5:31  Marauder  
  71  5:33  SCV  
  75  5:38  SCV  
  76  5:43  Factory  
  76  5:45  Factory  
  76  5:46  SCV x2  
  78  5:53  SCV  
  79  6:10  Hellbat x2  
  83  6:17  SCV  
  83  6:18  SCV  
  85  6:26  Starport Reactor  
  85  6:27  Supply Depot  
  85  6:29  Supply Depot  
  85  6:30  Factory Tech Lab  
  85  6:37  Armory  
  85  6:49  SCV  
  85  6:51  Refinery  
  86  7:06  Hellbat x2  
  86  7:07  Siege Tank  
  82  7:09  Siege Tank  
  70  7:27  Hellbat  
  70  7:28  Hellbat  
  74  7:32  Supply Depot x2  
  74  7:39  Siege Tank  
  74  7:42  Siege Tank  
  70  8:03  Hellbat x2  
  67  8:11  Siege Tank  
  57  8:25  Hellbat x2  
  54  8:31  Siege Tank  
  53  8:44  Siege Tank  
  56  8:57  SCV  
  57  9:06  SCV  
  57  9:07  SCV  
  57  9:09  SCV  
  60  9:18  Siege Tank x2  
  60  9:19  Hellbat x2  
  60  9:20  SCV x2  
  60  9:21  SCV  
  73  9:32  SCV  
  73  9:37  Refinery  
  76  9:38  SCV  
  76  9:41  Orbital Command  
  75  9:50  Siege Tank x2  
  81  10:01  Supply Depot x2  
  61  10:24  Supply Depot  
  55  10:38  Siege Tank  
  55  10:39  Hellbat x3  
  60  10:45  SCV x2  
  62  10:51  Supply Depot  
  62  10:54  Supply Depot  
  62  10:57  SCV  
  62  11:00  SCV  
  64  11:09  SCV  
  65  11:12  SCV  
  65  11:14  Viking  
  65  11:17  Command Center  
  68  11:21  SCV  
  68  11:24  SCV  
  70  11:36  SCV x2  
  72  11:46  Supply Depot  
  71  11:48  SCV  
Tags
 
Composition
Mech
Matchup
TvZ
Spawn Locations
Cross Positions
Add a new tag
Caveats
  • Supply blocks, unpowered buildings, or Contaminate may cause inaccurate times.
  • Supply counts are checked every 10 seconds.